 Dungeon Crawl Stone Soup version 0.28.0-53-g5a82cb258f (webtiles) character file.

Game seed: 12767524605775311712

13 Descartes the Ducker (level 2, -2/10 HPs)
             Began as a Felid Wanderer on July 24, 2022.
             Frozen to death by an endoplasm (4 damage)
             ... on level 1 of the Dungeon.
             The game lasted 00:01:03 (545 turns).

Descartes the Ducker (Felid Wanderer)                Turns: 545, Time: 00:01:03

Health: -2/10      AC:  1    Str:  9    XL:     2   Next: 24%
Magic:  3/3        EV: 20    Int: 11    God:
Gold:   79         SH:  0    Dex: 16    Spells: 1/1 levels left
                                        Lives:  0   Deaths: 0

rFire   . . .      SeeInvis +     - Unarmed
rCold   . . .      Faith    .   (shield unavailable)
rNeg    . . .      Spirit   .   (armour unavailable)
rPois   .          Reflect  .   (helmet unavailable)
rElec   .          Harm     .   (cloak unavailable)
rCorr   .          Rampage  .   (gloves unavailable)
Will    .....                   (boots unavailable)
Stlth   ++........              (no amulet)
HPRegen 0.03/turn               (no ring)
MPRegen 0.08/turn               (no ring)

@: quick
A: very small, claws 1, fangs 3, see invisible, speed 1, shaggy fur 1, stealthy
paws, no weapons or thrown items, no armour, multi-lived, clumsy 1, frail 1,
strong 1
a: no special abilities


You were on level 1 of the Dungeon.
You visited 1 branch of the dungeon, and saw 1 of its levels.

You collected 79 gold pieces.

Inventory:

Jewellery
 c - a ring of magical power
Scrolls
 d - a scroll of immolation {unknown}
Potions
 a - a potion of brilliance
 b - a potion of heal wounds


   Skills:
 - Level 1.0 Fighting
 * Level 5.7 Dodging
 - Level 1.3 Stealth
 + Level 5.1 Unarmed Combat


You had one spell level left.
You didn't know any spells.
Your spell library contained the following spells:

 Spells                   Type           Power      Damage    Failure   Level
 Summon Forest            Summ/Tloc      0%         N/A       100%        5
 Summon Mana Viper        Hex/Summ       0%         N/A       100%        5
 Summon Cactus Giant      Summ           0%         N/A       100%        6


Dungeon Overview and Level Annotations

Branches:
Dungeon (1/15)

Altars:

Shops:
D:1 =


Innate Abilities, Weirdness & Mutations

You have sharp claws.
You have razor-sharp teeth.
You have supernaturally acute eyesight. (SInv)
You cover ground quickly. (Speed+)
You are covered in fur. (AC +1)
Your paws help you pounce on unaware monsters.
You are incapable of wielding weapons or throwing items.
You cannot wear armour.
You gain extra lives every three experience levels.
You are clumsy. (Dex -2)
You are frail. (-10% HP)
Your muscles are strong. (Str +2)


Message History

The endoplasm is heavily wounded.
The endoplasm freezes you.
You are frozen.
The hobgoblin barely misses you.
You are too injured to fight recklessly!
You are too injured to fight recklessly!
You are too injured to fight recklessly!
You are too injured to fight recklessly!
You are too injured to fight recklessly!
You are too injured to fight recklessly!
You are too injured to fight recklessly!
You are too injured to fight recklessly!
You are too injured to fight recklessly!
You are too injured to fight recklessly!
You are too injured to fight recklessly!
You are too injured to fight recklessly!
You are too injured to fight recklessly!
You are too injured to fight recklessly!
You are too injured to fight recklessly!
You are too injured to fight recklessly!
The hobgoblin completely misses you.
You are too injured to fight recklessly!
You scratch the hobgoblin. You bite the hobgoblin.
You kill the hobgoblin!
You closely miss the rat. The rat bites you.
You barely miss the rat. The rat misses you.
You scratch the rat but do no damage. The rat misses you.
You closely miss the rat. The rat closely misses you.
You closely miss the rat. The rat misses you.
You closely miss the rat. The rat bites you.
* * * LOW HITPOINT WARNING * * *
You scratch the rat.
You kill the rat!
You closely miss the hobgoblin. The hobgoblin closely misses you.
You claw the hobgoblin!
You kill the hobgoblin!
You scratch the endoplasm but do no damage.
The endoplasm is heavily wounded.
The endoplasm freezes you.
You are frozen.
You die...

###### #....#
########## #....#
#......... #..).#
#......... #....# ###
#.........
#....###.####.........
#..........@J.........
#....###.####.........
#.>...†...............
#....###.###......####
## ###### #.# #......#
.... ########)#
#......# ....
#........# #......#
#..# ########.#
#......# #.##... #.#
#.....##.........


You could see an endoplasm.

Vanquished Creatures
  A goblin (D:1)
  5 hobgoblins (D:1)
  A quokka (D:1)
  2 bats (D:1)
  A frilled lizard (D:1)
  A rat (D:1)
11 creatures vanquished.

Notes
Turn   | Place    | Note
-------+----------+-------------------------------------------
     0 | D:1      | Descartes the Felid Wanderer began the quest for the Orb.
     0 | D:1      | Descartes set off with the following items: a potion of
                  | brilliance, a potion of heal wounds, a potion of mutation
     0 | D:1      | Reached XP level 1. HP: 9/9 MP: 2/2
     0 | D:1      | Gained mutation: You are frail. (-10% HP) [potion of
                  | mutation]
     0 | D:1      | Gained mutation: You are clumsy. (Dex -2) [potion of
                  | mutation]
     0 | D:1      | Gained mutation: Your muscles are strong. (Str +2) [potion
                  | of mutation]
   168 | D:1      | Found Uwump's Jewellery Shoppe.
   359 | D:1      | Reached skill level 1 in Stealth
   460 | D:1      | Reached XP level 2. HP: 10/10 MP: 3/3
   545 | D:1      | Frozen to death by an endoplasm

Illustrated notes

Levels and vault maps discovered:
D:1:      grunt_arrival_crossed_arrows, layout_basic,
          shapermc_ecumenical_altar_rom_forum, serial_shops,
          nicolae_shop_behind_doors, serial_corexii_hall,
          corexii_hall_statues_s, chequers_hall_statues_y

Skill      XL: |  1 |
---------------+----+-----
Stealth        | 1 |  1.3
Fighting       | |  1.0
Dodging        | |  5.7
Unarmed Combat | |  5.1

Action                   || total
-------------------------++-------
Melee: Unarmed           ||    25
       Bite              ||     2
       Punch             ||     1
  Use: Potion            ||     1
 Stab: Sleeping          ||     1
Dodge: Dodged            ||    14
